 Dungeon Crawl Stone Soup version 0.29.0-13-gc9e81de378 (webtiles) character file.

Game seed: 16431137811640518084

60 ILmort the Conjurer (level 3, -5/26 HPs)
             Began as a Draconian Conjurer on Sept 10, 2022.
             Slain by an orc
             ... wielding a +0 morningstar
              (8 damage)
             ... on level 2 of the Dungeon.
             The game lasted 00:05:09 (2592 turns).

ILmort the Conjurer (Draconian Conjurer)            Turns: 2592, Time: 00:05:10

Health: -5/26      AC:  5    Str:  9    XL:     3   Next: 80%
Magic:  2/6        EV: 12    Int: 20    God:
Gold:   64         SH:  0    Dex:  9    Spells: 3/6 levels left

rFire   . . .      SeeInvis .   j - +0 arbalest
rCold   . . .      Faith    .   (shield currently unavailable)
rNeg    . . .      Spirit   .   (body armour unavailable)
rPois   +          Reflect  .   (helmet restricted)
rElec   .          Harm     .   (no cloak)
rCorr   .          Rampage  .   (no gloves)
Will    .....                   (no boots)
Stlth   ++........              (no amulet)
HPRegen 0.08/turn               n - ring of poison resistance
MPRegen 0.10/turn               (no ring)

@: about to teleport
A: AC +5, unfitting armour, cold-blooded
a: no special abilities


You were on level 2 of the Dungeon.
You visited 1 branch of the dungeon, and saw 3 of its levels.

You collected 64 gold pieces.

Inventory:

Hand Weapons
 f - a +0 short sword
 j - a +0 arbalest (weapon)
Missiles
 d - 11 poisoned darts
Armour
 l - a +0 pair of boots
Jewellery
 n - a ring of poison resistance (left hand)
Scrolls
 b - 3 scrolls of identify {unknown}
 o - a scroll of blinking {unknown}
Potions
 a - a potion of magic
 c - 2 potions of curing {unknown}
 e - a potion of might {unknown}
 g - a potion of lignification {unknown}
 i - 2 potions of heal wounds {unknown}
 k - a potion of flight {unknown}
 m - a potion of resistance {unknown}


   Skills:
 - Level 1.7 Dodging
 - Level 1.7 Stealth
 - Level 2.0 Spellcasting
 + Level 5.5 Conjurations


You had 3 spell levels left.
You knew the following spells:

 Your Spells              Type           Power      Damage    Failure   Level
a - Magic Dart            Conj           96%        1d7       1%          1
b - Searing Ray           Conj           48%        2d6       2%          2

Your spell library contained the following spells:

 Spells                   Type           Power      Damage    Failure   Level
 Dazzling Flash           Conj/Hex       26%        N/A       16%         3
 Confusing Touch          Hex            2%         N/A       43%         3
 Fulminant Prism          Conj/Hex       6%         3d7       45%         4
 Iskenderun's Mystic Bla  Conj/Tloc      13%        2d5       45%         4
 Animate Dead             Necr           2%         N/A       83%         4
 Borgnjor's Vile Clutch   Necr/Erth      1%         N/A       99%         5
 Yara's Violent Unravell  Hex/Tmut       1%         3d3       99%         5
 Death Channel            Necr           1%         N/A       100%        6
 Enfeeble                 Hex            1%         N/A       100%        7


Dungeon Overview and Level Annotations

Branches:
Dungeon (3/15)

Altars:


Innate Abilities, Weirdness & Mutations

Your plain brown scales are hard. (AC +5)
You cannot fit into any form of body armour.
You are cold-blooded and may be slowed by cold attacks.


Message History

You climb upwards.
There is a stone staircase leading down here.
Casting: Magic Dart (safe; 1% risk of failure)
Aiming: Magic Dart (safe; 1% risk of failure)
Aim: an orc, wielding a +0 club and wearing a +0 chain mail (100% to hit)
The magic dart hits the orc.
The orc hits you with a +0 morningstar! The orc hits you with a +0 club.
Casting: Magic Dart (safe; 1% risk of failure)
Aiming: Magic Dart (safe; 1% risk of failure)
Aim: an orc, wielding a +0 club and wearing a +0 chain mail (moderately wounded, 100% to hit)
The magic dart hits the orc but does no damage.
The orc closely misses you. x2
Casting: Magic Dart (safe; 1% risk of failure)
Aiming: Magic Dart (safe; 1% risk of failure)
Aim: an orc, wielding a +0 club and wearing a +0 chain mail (moderately wounded, 100% to hit)
The magic dart hits the orc but does no damage.
The orc hits you but does no damage. The orc hits you with a +0 club.
Casting: Magic Dart (safe; 1% risk of failure)
Aiming: Magic Dart (safe; 1% risk of failure)
Aim: an orc, wielding a +0 club and wearing a +0 chain mail (moderately wounded, 100% to hit)
The magic dart hits the orc but does no damage.
The orc hits you with a +0 morningstar. The orc hits you but does no damage.
Casting: Magic Dart (safe; 1% risk of failure)
Aiming: Magic Dart (safe; 1% risk of failure)
Aim: an orc, wielding a +0 club and wearing a +0 chain mail (moderately wounded, 100% to hit)
The magic dart hits the orc.
You kill the orc!
The orc misses you.
Really attack while wielding your +0 arbalest?
Okay, then.
The orc attacks as you move away! The orc hits you with a +0 morningstar.
* * * LOW HITPOINT WARNING * * *
Here: an orc, wielding a +0 morningstar The floor.
As you read the scroll labelled OMAQOR UCLUAKA, it crumbles to dust.
You feel strangely unstable.
It was a scroll of teleportation.
The orc barely misses you. The orc hits you but does no damage.
The orc attacks as you move away! The orc hits you with a +0 morningstar!
You die...

###.#####.# #..........##...>...
.......##.# ###.######.##......#
###.##.##.# #.# #.........#
#.##.##.# ##.## #.........#
#.......# #...# #.##.##.###
####..### #...# #.##..#.###
#######.# #...# #.##...(... ....#
#.# #####...#####.##..#.##.
###.###)###.)...@.....#.......##.
.##.............o.)....###..#....
..#..#.####.......>....# #.##.##.
.....#.# #####<..####.###.##.##.
....##.# #...#..............
######.# #...#.##.##..##.#.# #.#
#...#.##.##..##.#.# #.#
##.##.##........... ######.#
#.##.#####..##.#.#


You could see an orc.

Vanquished Creatures
  An adder (D:2)
  2 dart slugs
  An orc (D:2)
  3 bats
  4 giant cockroaches
  3 hobgoblins
  8 jackals
  2 quokkas (D:1)
  3 ball pythons
  A goblin (D:2)
  10 kobolds
  5 rats
43 creatures vanquished.

Notes
Turn   | Place    | Note
-------+----------+-------------------------------------------
     0 | D:1      | ILmort the Draconian Conjurer began the quest for the Orb.
     0 | D:1      | Reached XP level 1. HP: 14/14 MP: 3/3
   262 | D:1      | Reached XP level 2. HP: 19/20 MP: 1/5
   426 | D:1      | Found a faded altar of an unknown god.
  1170 | D:1      | Reached skill level 5 in Conjurations
  1351 | D:1      | Reached XP level 3. HP: 19/26 MP: 3/6
  2327 | D:2      | Learned a level 2 spell: Searing Ray
  2592 | D:2      | Slain by an orc

Illustrated notes

Levels and vault maps discovered:
D:1:      dpeg_arrival_water_temple_mockup, layout_basic,
          ebering_ecumenical_altar_abandoned
D:2:      layout_loops_cross, chequers_garden, dreamdust_princess_corridor
D:3:      layout_basic, uniq_ijyb

Skill      XL: |  1  2 |
---------------+-------+-----
Conjurations   | 5 |  5.5
Dodging        | |  1.7
Stealth        | |  1.7
Spellcasting   | |  2.0

Action                   || total
-------------------------++-------
Melee: Short sword       ||    10
       Unarmed           ||     2
       Arbalest          ||    18
       Tailslap          ||     1
 Fire: Arbalest          ||    25
 Cast: Magic Dart        ||    66
       Searing Ray       ||     1
  Use: Scroll            ||     1
Armor: Skin              ||    34
Dodge: Dodged            ||    69
